 Dungeon Crawl Stone Soup version 0.32-a0-540-g866d13106e (webtiles) character file.

Game seed: 13733956130116513159

72 HC7 the Ducker (level 4, -3/42 HPs)
             Began as a Troll Warper on Feb 28, 2024.
             Killed from afar by Ijyb (9 damage)
             ... with a puff of flame
             ... on level 3 of the Dungeon.
             The game lasted 00:04:56 (1490 turns).

HC7 the Ducker (Troll Warper)                       Turns: 1490, Time: 00:04:56

Health: -3/42      AC:  4    Str: 19    XL:     4   Next: 7%
Magic:  5/5        EV: 10    Int:  9    God:
Gold:   100        SH:  0    Dex: 11    Spells: 3/5 levels left

rFire   . .          .
                       - Unarmed
rCold   + . .        (no shield)
rNeg    . . .        b - +0 robe
rPois   .            (helmet restricted)
rElec   .            (no cloak)
rCorr   .            (gloves unavailable)
SInv    .            (boots unavailable)
Will    +....        (no amulet)
Stlth   +            k - ring of protection from cold
HPRegen 1.07/turn    l - ring of willpower
MPRegen 0.09/turn

%: no passive effects
@: no status effects
A: large, unfitting armour, claws 3, regeneration 1, shaggy fur 1, tough skin 1
a: no special abilities


You were on level 3 of the Dungeon.
You visited 1 branch of the dungeon, and saw 3 of its levels.

You collected 100 gold pieces.

Inventory:

Hand Weapons
 a - a +0 spear
Missiles
 d - 6 darts of dispersal
 g - 2 poisoned darts
 i - 5 javelins (quivered)
Armour
 b - a +0 robe (worn)
Magical Staves
 j - a staff of earth
Jewellery
 k - a ring of protection from cold (left claw)
 l - a ring of willpower (right claw)
Talismans
 e - a maw talisman
Scrolls
 c - 2 scrolls of blinking
 f - a scroll of revelation
 m - 3 scrolls of identify
 n - a scroll of noise {unknown}
Potions
 h - a potion of cancellation
 o - 2 potions of mutation {unknown}


   Skills:
 + Level 1.7 Fighting
 + Level 1.7 Polearms
 + Level 0.8 Throwing
 + Level 2.5 Dodging
 * Level 0.5 Stealth
 + Level 1.8 Unarmed Combat
 * Level 1.3 Spellcasting
 + Level 2.3 Translocations


You had 3 spell levels left.
You knew the following spells:

 Your Spells              Type           Power      Damage    Failure   Level
a - Blink                 Tloc           8%         N/A       21%         2

Your spell library contained the following spells:

 Spells                   Type           Power      Damage    Failure   Level
 Lesser Beckoning         Tloc           8%         N/A       21%         2
 Teleport Other           Tloc           4%         N/A       38%         3
 Manifold Assault         Tloc           4%         N/A       80%         4
 Vhi's Electric Charge    Tloc/Air       4%         N/A       91%         4


Dungeon Overview and Level Annotations

Branches:
Dungeon (3/15)

Altars:

Annotations:
D:3 Ijyb


Innate Abilities, Weirdness & Mutations

You are too large for most types of armour.
You have claws for hands.
Your natural rate of healing is unusually fast.
You are covered in fur. (AC +1)
You have tough skin. (AC +1)


Message History

You kill the ribbon worm!
You see here a ribbon worm corpse.
A kobold comes into view. It is wielding a +0 short sword.
Found 6 gold pieces.
Found a stone staircase leading down.
A quokka comes into view.
Found a scroll of poison.
The kobold shouts!
Ijyb the Inquisitive comes into view.
She is wielding a +0 club, wearing a +2 leather armour of fire resistance and carrying a wand of flame.
The kobold throws a stone.
The stone barely misses you.
The quokka twitches its whiskers.
Ijyb shouts!
Ijyb zaps a wand.
The puff of flame hits you.
The kobold throws a stone.
The stone closely misses you.
The kobold throws a stone.
The stone hits you but does no damage.
You scratch the kobold.
You kill the kobold!
The quokka misses you.
You miss Ijyb. Ijyb hits you with a +0 club. The quokka barely misses you.
You miss Ijyb.
Ijyb zaps a wand.
The puff of flame hits you! The quokka closely misses you.
You closely miss Ijyb. The quokka bites you.
Ijyb zaps a wand.
The puff of flame hits you!
You closely miss Ijyb. The quokka bites you.
Ijyb zaps a wand.
The puff of flame hits you!
You claw Ijyb!
Ijyb is moderately wounded.
The quokka bites you.
Ijyb zaps a wand.
The puff of flame hits you!
* * * LOW HITPOINT WARNING * * *
You scratch Ijyb.
Ijyb is heavily wounded.
The quokka bites you but does no damage.
Ijyb hits you with a +0 club.
* * * LOW HITPOINT WARNING * * *
The quokka bites you.
* * * LOW HITPOINT WARNING * * *
You barely miss Ijyb. You claw Ijyb, but do no damage.
Ijyb is heavily wounded.
Ijyb zaps a wand.
The puff of flame hits you!
You die...
Ijyb screams, "Time for next experiment!"

###.#..##.##
###.##.....####........#
....#####...##..........
.#### #...#.##..........
....###.###.##..........
..#.....................
#..####..#####....$.....
##...#...# #.g......#
####...†## ##.@r.....#
.#####..# ##..........
........#####...........
##.###................?.
.....#.#..####....>.....
.#........# #..........
...#.#.##..# ##........#
.###.#.###.....#......##
.# #...# ###..########


You could see Ijyb and a quokka.

Vanquished Creatures
  2 adders
  2 ribbon worms
  4 dart slugs
  An endoplasm (D:1)
  4 giant cockroaches
  5 goblins
  2 hobgoblins (D:1)
  2 kobolds (D:3)
  6 quokkas
  3 ball pythons (D:1)
  5 bats
  3 frilled lizards (D:1)
39 creatures vanquished.

Notes
Turn   | Place    | Note
-------+----------+-------------------------------------------
     0 | D:1      | HC7 the Troll Warper began the quest for the Orb.
     0 | D:1      | Reached XP level 1. HP: 19/19 MP: 1/1
    33 | D:1      | Found a faded altar of an unknown god.
   190 | D:1      | Reached XP level 2. HP: 27/27 MP: 2/2
   855 | D:2      | Reached XP level 3. HP: 35/35 MP: 3/3
   861 | D:2      | Learned a level 2 spell: Blink
   986 | D:2      | Reached skill level 1 in Unarmed Combat
  1411 | D:3      | Reached XP level 4. HP: 42/42 MP: 5/5
  1479 | D:3      | Noticed Ijyb
  1490 | D:3      | Killed from afar by Ijyb

Illustrated notes

Levels and vault maps discovered:
D:1:      tarquinn_simple_flora_water_d, layout_loops_ring,
          chequers_ecumenical_altar_island
D:2:      layout_rooms, minivault_26, grunt_decor_arrowhead
D:3:      layout_rooms, hangedman_decor_push, uniq_ijyb

Skill      XL: |  1  2  3 |
---------------+----------+-----
Dodging        | 2 |  2.5
Unarmed Combat | 1 |  1.8
Fighting       | |  1.7
Polearms       | |  1.7
Throwing       | |  0.8
Stealth        | |  0.5
Spellcasting   | |  1.3
Translocations | |  2.3

Action                     |  1- 3 |  4- 6 || total
---------------------------+-------+-------++-------
  Melee: Unarmed           |    98 |    19 ||   117
         Punch             |     1 |     1 ||     2
  Throw: Dart              |     1 |       ||     1
    Use: Scroll            |     7 |       ||     7
 Armour: Robe              |    75 |    22 ||    97
  Dodge: Dodged            |    66 |    10 ||    76

Table legend: (Time is in decaauts)
 A = Elapsed time spent in this place.
 B = Non-inter-level travel time spent in this place.
 C = Inter-level travel time spent in this place.
 D = Time resting spent in this place.
 E = Time spent auto-exploring this place.
 F = Levels seen in this place.
 G = Mean time per level.
                   A        B        C        D        E       F      G
               +--------+--------+--------+--------+--------+-----+--------+
         Total |   1486 |   1391 |     95 |      0 |    974 |   3 |  495.3 |
       Dungeon |   1486 |   1391 |     95 |      0 |    974 |   3 |  495.3 |
               +--------+--------+--------+--------+--------+-----+--------+

Top non-repeatable levels by time:
     D:1: 678 daAuts
     D:2: 488 daAuts
     D:3: 319 daAuts
